 Dungeon Crawl Stone Soup version 0.20.0 (webtiles) character file.

157 Llamajah the Shield-Bearer (level 5, 0/42 HPs)
             Began as a Formicid Fighter on July 12, 2017.
             Slain by Llamajah's ghost (5 damage)
             ... on level 3 of the Dungeon.
             The game lasted 00:05:46 (1868 turns).

Llamajah the Shield-Bearer (Formicid Fighter)       Turns: 1868, Time: 00:05:47

Health: 0/42       AC:  8    Str: 26    XL:     5   Next: 66%
Magic:  5/5        EV:  9    Int:  7    God:
Gold:   85         SH:  0    Dex: 11    Spells: 4/4 levels left

rFire    . . .     SeeInvis +   a - +0 war axe
rCold    . . .     Gourm    .   c - +0 shield
rNeg     . . .     Faith    .   b - +0 scale mail
rPois    .         Spirit   .   (helmet unavailable)
rElec    .         Reflect  .   (no cloak)
rCorr    .         Harm     .   m - +0 pair of gloves
MR       .....                  (no boots)
Stlth    ..........             (no amulet)
Regen    0.2/turn               (no ring)
MPRegen  0.1/turn               (no ring)

@: confused, mighty
A: permanent stasis, dig shafts and tunnels, four strong arms, antennae 3
a: Dig, Shaft Self


You were on level 3 of the Dungeon.
You were not hungry.

You visited 1 branch of the dungeon, and saw 3 of its levels.

You collected 85 gold pieces.

Inventory:

Hand Weapons
 a - a +0 war axe (weapon)
Armour
 b - a +0 scale mail (worn)
 c - a +0 shield (worn)
 m - a +0 pair of gloves (worn)
Wands
 j - a wand of digging (7/24)
Scrolls
 h - 2 scrolls of enchant armour {unknown}
 k - 2 scrolls of fear {unknown}
 o - a scroll of recharging {unknown}
 p - a scroll of teleportation {unknown}
 q - a scroll of noise {unknown}
 r - 6 scrolls of identify {unknown}
 u - a scroll of random uselessness {unknown}
Comestibles
 f - 3 bread rations
 l - 5 fruits
 n - 2 meat rations
 s - a royal jelly
 t - 6 chunks of flesh


   Skills:
 + Level 4.1 Fighting
 * Level 3.4 Axes
 + Level 4.0 Armour
 + Level 1.4 Dodging
 + Level 4.3 Shields


You had 4 spell levels left.
You didn't know any spells.

Dungeon Overview and Level Annotations

Branches:
Dungeon (3/15)

Altars:
Trog

Annotations:
D:3 Grinder; Llamajah's ghost, amateur FoFi


Innate Abilities, Weirdness & Mutations

You cannot be hasted, slowed, berserked, paralysed or teleported.
You can dig through walls and to a lower floor.
Your four strong arms can wield two-handed weapons with a shield.
You have a pair of large antennae on your head. (SInv)


Message History

It was a potion of ambrosia.
You are confused.
You feel invigorated. Grinder hits you.
You writhe in agony.
Llamajah's ghost hits you!
* * * LOW HITPOINT WARNING * * *
It was a potion of berserk rage.
Your stasis prevents you from going berserk.
Grinder barely misses you. Llamajah's ghost barely misses you.
You bump into the rock wall.
Grinder hits you!
* * * LOW HITPOINT WARNING * * *
You writhe in agony.
* * * LOW HITPOINT WARNING * * *
Llamajah's ghost closely misses you.
You hit Grinder.
Grinder is severely wounded.
You barely miss Llamajah's ghost.
Grinder blinks!
Llamajah's ghost hits you!
* * * LOW HITPOINT WARNING * * *
A rat comes into view.
You bump into the rock wall.
Llamajah's ghost hits you.
You die...

.. .. .. ###. ### ...#
..# #.###..
#.........>.†########...
##### #.†.).@WJ....r
#.#..######... ###
#.##{#### ..#####
#.##....# ........
#.#####.## .....### #.#
#..# #..#..#####.######.#
#..................#
.##.............#........


You could see Llamajah's ghost, an ooze and a rat.

Vanquished Creatures
  Natasha (D:2)
  3 adders (D:2)
  A gnoll (D:1)
  A shadow imp (D:3)
  A worm (D:2)
  3 dart slugs
  2 leopard geckos (D:3)
  2 ball pythons
  11 bats
  2 giant cockroaches
  6 goblins
  11 hobgoblins
  11 jackals
  2 quokkas (D:2)
  3 frilled lizards
  9 kobolds
  6 rats
75 creatures vanquished.

Notes
Turn   | Place    | Note
-------+----------+-------------------------------------------
     0 | D:1      | Llamajah the Formicid Fighter began the quest for the Orb.
     0 | D:1      | Reached XP level 1. HP: 18/18 MP: 1/1
    61 | D:1      | Reached XP level 2. HP: 21/24 MP: 2/2
   295 | D:1      | Reached XP level 3. HP: 28/29 MP: 3/3
   475 | D:1      | Reached skill level 1 in Dodging
  1000 | D:2      | Reached XP level 4. HP: 35/35 MP: 4/4
  1387 | D:2      | Reached XP level 5. HP: 38/42 MP: 5/5
  1417 | D:2      | Noticed Natasha
  1422 | D:2      | Killed Natasha
  1427 | D:2      | Found a bloodstained altar of Trog.
  1842 | D:3      | Noticed Grinder
  1854 | D:3      | HP: 2/42 [Grinder/nerve-wracking pain (11)]
  1857 | D:3      | Noticed Llamajah's ghost (amateur FoFi)
  1867 | D:3      | HP: 2/42 [Llamajah's ghost (7)]
  1868 | D:3      | Slain by Llamajah's ghost

Skill      XL: |  1  2  3  4  5 |
---------------+----------------+-----
Dodging        | 1 |  1.4
Shields        | 4 |  4.3
Axes           | 3 |  3.4
Armour         | 4 |  4.0
Fighting       | 4 |  4.1

Action                   |  1- 3 |  4- 6 || total
-------------------------+-------+-------++-------
Melee: War axe           |   112 |   159 ||   271
  Use: Potion            |       |     6 ||     6
  Eat: Chunk             |       |     4 ||     4
Armor: Scale mail        |    61 |    82 ||   143
Dodge: Dodged            |    40 |    63 ||   103
Block: Shield            |    85 |    91 ||   176
